 Dungeon Crawl Stone Soup version 0.28-a0-1594-ga885d4b3d6 (webtiles) character file.

Game seed: 2917771598504290914

3 lonewolfV2 the Scratcher (level 1, 0/9 HPs)
             Began as a Felid Transmuter on Jan 20, 2022.
             Slain by a hobgoblin (2 damage)
             ... on level 1 of the Dungeon.
             The game lasted 00:00:15 (174 turns).

lonewolfV2 the Scratcher (Felid Transmuter)          Turns: 174, Time: 00:00:17

Health: 0/9        AC:  1    Str:  6    XL:     1   Next: 41%
Magic:  2/4        EV: 17    Int: 14    God:
Gold:   32         SH:  0    Dex: 16    Spells: 3/4 levels left
                                        Lives:  0   Deaths: 0

rFire   . . .      SeeInvis +     - Unarmed
rCold   . . .      Faith    .   (shield unavailable)
rNeg    . . .      Spirit   .   (armour unavailable)
rPois   .          Reflect  .   (helmet unavailable)
rElec   .          Harm     .   (cloak unavailable)
rCorr   .          Rampage  .   (gloves unavailable)
Will    .....                   (boots unavailable)
Stlth   +.........              (no amulet)
HPRegen 0.03/turn               (no ring)
MPRegen 0.09/turn               (no ring)

@: appendages (expiring), very slightly contaminated, quick
A: horns 2, very small, claws 1, fangs 3, see invisible, speed 1, shaggy fur 1,
stealthy paws, no weapons or thrown items, no armour, multi-lived
a: End Transformation


You were on level 1 of the Dungeon.
You had temporarily grown beastly horns.
You visited 1 branch of the dungeon, and saw 1 of its levels.

You collected 32 gold pieces.

You aren't carrying anything.


   Skills:
 + Level 1.0 Fighting
 + Level 2.7 Dodging
 + Level 3.1 Unarmed Combat
 + Level 2.0 Spellcasting
 + Level 2.2 Transmutations


You had 3 spell levels left.
You knew the following spells:

 Your Spells              Type           Power      Damage    Failure   Level
a - Beastly Appendage     Tmut           14%        N/A       10%         1

Your spell library contained the following spells:

 Spells                   Type           Power      Damage    Failure   Level
 Wereblood                Tmut           7%         N/A       14%         2
 Spider Form              Tmut/Pois      4%         N/A       41%         3
 Ice Form                 Ice/Tmut       4%         N/A       83%         4


Dungeon Overview and Level Annotations

Branches:
Dungeon (1/15)

Altars:


Innate Abilities, Weirdness & Mutations

You have temporarily grown beastly horns.
You have sharp claws.
You have razor-sharp teeth.
You have supernaturally acute eyesight. (SInv)
You cover ground quickly. (Speed+)
You are covered in fur. (AC +1)
Your paws help you pounce on unaware monsters.
You are incapable of wielding weapons or throwing items.
You cannot wear armour.
You gain extra lives every three experience levels.


Message History

You scratch the rat.
The rat is severely wounded.
The rat barely misses you.
You scratch the rat.
You kill the rat!
Your horns disappear.
A rat comes into view.
The kobold barely misses you.
You see here a bat corpse.
You scratch the kobold but do no damage.
Your bite misses the kobold. The giant cockroach barely misses you.
The kobold misses you.
Casting: Beastly Appendage (safe; 10% risk of failure)
Confirm with . or Enter, or press ? or * to list all spells.
You miscast Beastly Appendage.
You are very lightly contaminated with residual magic.
Nothing appears to happen.
The giant cockroach misses you.
An endoplasm comes into view.
The hobgoblin closely misses you. The kobold closely misses you.
Casting: Beastly Appendage (safe; 10% risk of failure)
Confirm with . or Enter, or press ? or * to list all spells.
You grow a pair of large bovine horns.
The giant cockroach completely misses you.
The hobgoblin closely misses you.
The endoplasm jiggles.
The kobold closely misses you. The giant cockroach misses you.
You closely miss the kobold. The hobgoblin closely misses you.
The giant cockroach closely misses you. The kobold barely misses you.
You scratch the kobold but do no damage.
The giant cockroach bites you. The hobgoblin hits you.
Ouch! That really hurt!
The kobold closely misses you.
You scratch the kobold. Your headbutt misses the kobold.
Your bite misses the kobold.
The kobold is moderately wounded.
Your transformation is almost over.
The giant cockroach bites you.
* * * LOW HITPOINT WARNING * * *
The hobgoblin hits you.
You die...

.# .# ##. ### .## ...
..... #$. ###.### ###
#.# #.....#
....###.###.#
#.###### #....BJ##..#
#......#
#...rK@g...###.####.#
#..#.#####.....# #.#
..g..........# #.#
#..#.#######.#.# #'##
#. #.#.####.≈## #
#......#≈...
###.##.#≈≈≈.
#.##.###≈. #.##...##'


You could see an endoplasm, a giant cockroach, a hobgoblin, a kobold and a rat.

Vanquished Creatures
  A goblin (D:1)
  2 bats (D:1)
  A rat (D:1)
4 creatures vanquished.

Notes
Turn   | Place    | Note
-------+----------+-------------------------------------------
     0 | D:1      | lonewolfV2 the Felid Transmuter began the quest for the
                  | Orb.
     0 | D:1      | Reached XP level 1. HP: 9/9 MP: 4/4
   174 | D:1      | Slain by a hobgoblin

Illustrated notes

Levels and vault maps discovered:
D:1:      scummos_arrival_forest, layout_loops_ring,
          hellmonk_ecumenical_altar_crossroads, solitary_fountain,
          minmay_misc_feat_five, kennysheep_nondescript, minmay_heptomino_o4

Action                   || total
-------------------------++-------
Melee: Unarmed           ||    11
       Bite              ||     2
 Cast: Beastly Appendage ||     3
Dodge: Dodged            ||    17

Table legend: (Time is in decaauts)
 A = Elapsed time spent in this place.
 B = Non-inter-level travel time spent in this place.
 C = Inter-level travel time spent in this place.
 D = Time resting spent in this place.
 E = Time spent auto-exploring this place.
 F = Levels seen in this place.
 G = Mean time per level.
                   A        B        C        D        E       F      G
               +--------+--------+--------+--------+--------+-----+--------+
         Total |    153 |    153 |      0 |      0 |    121 |   1 |  153.0 |
       Dungeon |    153 |    153 |      0 |      0 |    121 |   1 |  153.0 |
               +--------+--------+--------+--------+--------+-----+--------+

Top non-repeatable levels by time:
     D:1: 153 daAuts
